 Dungeon Crawl Stone Soup version 0.32-a0-975-g85d4e5bfdb (webtiles) character file.

Game seed: 4836700699839501640

9233 discipleofbeogh the Grappler (level 11, -1/81 (83) HPs)
             Began as a Pale Draconian Shapeshifter on Apr 18, 2024.
             Was a Believer of Wu Jian.
             Slain by a spectral death yak (16 damage)
             ... in a Gauntlet on Apr 19, 2024.
             The game lasted 00:24:29 (8982 turns).

discipleofbeogh the Grappler (DrSh)                 Turns: 8982, Time: 00:24:29

HP:   -1/81 (83)    AC: 10    Str: 21    XL:     11   Next: 20%
MP:   0/11          EV: 17    Int: 11    God:    Wu Jian [**....]
Gold: 723           SH:  0    Dex: 10    Spells: 10/10 levels left

rFire   + .          .
                       - Unarmed
rCold   + . .        (shield currently unavailable)
rNeg    . . .        (body armour unavailable)
rPois   +            (helmet restricted)
rElec   .            (no cloak)
rCorr   .            i - +2 pair of gloves
SInv    +            (no boots)
Will    .....        o - amulet of guardian spirit
Stlth   +            v - ring of protection from fire
HPRegen 0.33/turn    D - ring "Xemack" {rPois rC+ SInv}
MPRegen 0.12/turn

%: no teleportation, guardian spirit
@: flux-form, slowed, glowing, lightly drained, very slow
A: glow, contaminating, steam breath, AC +7, unfitting armour, cold-blooded,
steam resistance
a: Steam Breath, Begin Untransformation, Renounce Religion, Wall Jump


You were in a Gauntlet.
You worshipped Wu Jian.
Wu Jian was pleased with you.
You were something dangerously unstable.
You visited 3 branches of the dungeon, and saw 12 of its levels.
You also visited: Sewer, Ossuary and Gauntlet.

You collected 723 gold pieces.

Inventory:

Hand Weapons
 f - the +6 mace "Bafodeq" {flame, rPois Dex+3}
   (You found it on level 3 of the Dungeon)

   Dex+3:     It affects your dexterity (+3).
   rPois:     It protects you from poison.
Missiles
 g - 6 javelins (quivered)
 w - a throwing net
Armour
 i - a +2 pair of gloves (worn)
 p - a +0 buckler
Jewellery
 h - an amulet of regeneration
 o - an amulet of guardian spirit (around neck)
 v - a ring of protection from fire (left hand)
 D - the ring "Xemack" (right hand) {rPois rC+ SInv}
   (You found it on level 7 of the Dungeon)

   [ring of protection from cold]

   rC+:       It protects you from cold.
   rPois:     It protects you from poison.
   SInv:      It lets you see invisible.
 I - an amulet of the acrobat
 K - a ring of ice
Talismans
 b - a beast talisman
 c - a flux talisman (active)
Wands
 H - a wand of quicksilver (7)
 J - a wand of flame (9)
 M - a wand of mindburst (3)
Scrolls
 j - 2 scrolls of fear
 k - a scroll of silence
 l - 6 scrolls of teleportation
 r - a scroll of brand weapon
 s - a scroll of poison
 t - 6 scrolls of blinking
 y - 2 scrolls of fog
 G - a scroll of immolation
 L - a scroll of enchant weapon {unknown}
Potions
 a - 2 potions of lignification
 d - 3 potions of brilliance
 e - 2 potions of invisibility
 m - 2 potions of curing
 n - 2 potions of might
 q - a potion of ambrosia
 u - 6 potions of heal wounds
 x - 4 potions of mutation
 z - a potion of resistance
 A - 4 potions of haste
 B - 3 potions of attraction {unknown}
 C - a potion of cancellation {unknown}
 E - a potion of degeneration {unknown}
 F - a potion of enlightenment {unknown}


   Skills:
 + Level 3.7 Fighting
 + Level 7.8 Dodging
 + Level 2.2 Stealth
 + Level 13.5 Unarmed Combat
 - Level 7.0 Shapeshifting


You had 10 spell levels left.
You didn't know any spells.
Your spell library contained the following spells:

 Spells                   Type           Power      Damage    Failure   Level
 Apportation              Tloc           0%         N/A       34%         1
 Necrotise                Necr           0%         1d4       34%         1
 Shock                    Conj/Air       0%         1d3       34%         1
 Sting                    Conj/Alch      0%         1d3       34%         1
 Summon Small Mammal      Summ           0%         N/A       34%         1
 Cigotuvi's Dreadful Rot  Necr/Alch/Air  0%         N/A       47%         2
 Ensorcelled Hibernation  Hex/Ice        0%         N/A       47%         2
 Passwall                 Erth           0%         N/A       71%         3
 Swiftness                Air            0%         N/A       71%         3
 Volatile Blastmotes      Fire/Tloc      0%         2d10      71%         3
 Airstrike                Air            0%         2d(0-16)  98%         4
 Animate Dead             Necr           0%         N/A       98%         4
 Brom's Barrelling Bould  Conj/Erth      0%         2d3       98%         4
 Dispel Undead            Necr           0%         3d6       98%         4
 Martyr's Knell           Necr/Summ      0%         N/A       98%         4
 Vhi's Electric Charge    Tloc/Air       0%         N/A       98%         4
 Borgnjor's Vile Clutch   Necr/Erth      0%         N/A       100%        5
 Fireball                 Conj/Fire      0%         3d3       100%        5
 Iskenderun's Battlesphe  Conj           0%         2d6       100%        5
 Conjure Ball Lightning   Conj/Air       0%         3x3d6     100%        6
 Death Channel            Necr           0%         N/A       100%        6
 Gell's Gavotte           Tloc           0%         2d(11-16) 100%        6
 Orb of Destruction       Conj           0%         9d5       100%        7


Dungeon Overview and Level Annotations

Branches:
Dungeon (10/15)            Temple (1/1) D:6            Lair (1/5) D:9
  Sewer (visited)         Ossuary (visited)         Gauntlet (1/1)
    Orc: D:9-12

Altars:
Ashenzari
Cheibriados
Dithmenos
Elyvilon
Fedhas
Gozag
Hepliaklqana
Kikubaaqudgha
Makhleb
Nemelex Xobeh
Okawaru
Qazlal
Ru
Sif Muna
Trog
Uskayaw
Vehumet
Wu Jian
Xom
Yredelemnul
Zin
The Shining One

Shops:
D:10 =

Annotations:
Gauntlet 2 transporters


Innate Abilities, Weirdness & Mutations

You are something dangerously unstable.
You glow with magical radiation, making you easy to see and hit.
Foes you strike become dangerously contaminated with magical radiation.
You are incapable of wielding weapons or throwing items.
You can breathe blasts of scalding, opaque steam.
Your pale cyan-grey scales are hard. (AC +7)
You cannot fit into any form of body armour.
You are cold-blooded and may be slowed by cold attacks.
You are immune to the effects of steam.


Message History

The spectral death yak closely misses you.
You spin and attack the death scarab.
You hit the death scarab.
The death scarab glows dangerously bright.
The death scarab is lightly damaged.
The death scarab misses you.
Unknown command.
You spin and attack the spectral death yak.
You hit the spectral death yak but do no damage.
The spectral death yak glows dangerously bright.
The spectral death yak is moderately damaged.
The death scarab misses you. The death scarab bites you!!
The death scarab draws strength from your injuries!
The spectral death yak barely misses you.
The spectral death yak closely misses you.
The death scarab misses you.
The spectral death yak attacks as it pursues you!
The spectral death yak gores you!
You closely miss the death scarab. The death scarab bites you!
* * * LOW HITPOINT WARNING * * *
The death scarab draws strength from your injuries!
The death scarab closely misses you. The spectral death yak misses you.
Unknown command.
You barely miss the death scarab.
You tail-slap the death scarab, but do no damage.
The death scarab bites you but does no damage.
The spectral death yak gores you!
* * * LOW HITPOINT WARNING * * *
You feel drained.
* * * LOW HITPOINT WARNING * * *
You spin and attack the death scarab repeatedly.
You barely miss the death scarab. You hit the death scarab.
The death scarab shudders as magic cascades through it!!
You destroy the death scarab!
The Council accepts your kill.
You spin and attack the spectral death yak.
You hit the spectral death yak.
The spectral death yak glows dangerously bright.
The spectral death yak is lightly damaged.
The spectral death yak gores you!!
You die...

.......≈∩≈...........
.................... .
#######...######### ..
.≈....#...#....... #..
≈≈.≈≈≈#.∩.#.##^.^ .#..
..≈≈..#...#..##.# ..#..
≈≈....#...#...#.#...###
≈©.≈≈.#©.©#.Z..©#..©#©#
≈≈.≈.≈#...#..p#.#..(#.#
..≈..≈#...#..##.##^!#.#
≈..≈≈.#...#.##..B #.#.#
^≈≈...#...#.^.... .#.#
#######...######## #.#
........≈......... .#
###....≈ß≈....#####
..≈.


You could see a spectral death yak (heavy contam).

Vanquished Creatures
  Fannar (D:10)
  A death scarab (Gauntlet)
  Amaemon (D:10)
  An orange demon (D:10)
  Maggie (D:7)
  2 unseen horrors (D:10)
  Jeremiah (D:7)
  A shadow (D:9)
  7 yaks
  2 steam dragons
  An acid dragon (D:9)
  2 orc warriors (D:9)
  2 water moccasins
  Pargi (Sewer)
  9 black bears
  4 sky beasts
  An ogre (D:5)
  4 centaurs
  A weeping skull (Ossuary)
  3 kobold brigands
  A brain worm (Sewer)
  4 bullfrogs
  3 scorpions
  3 water moccasin zombies (Ossuary)
  12 wights
  10 killer bees (D:10)
  7 electric eels (D:10)
  6 howler monkeys
  3 bombardier beetles
  2 hounds
  2 jellies (D:6)
  3 orc priests
  Jessica (D:3)
  3 orc wizards (D:7)
  An iguana (D:4)
  A bullfrog simulacrum (Ossuary)
  2 crocodile zombies (Ossuary)
  2 mummies (Ossuary)
  4 adders
  2 white imps
  2 ufetubi (D:7)
  7 adder zombies (Ossuary)
  4 dart slugs
  4 ribbon worms
  11 orcs
  8 ball pythons
  11 endoplasms
  6 giant cockroaches
  7 goblins
  9 hobgoblins
  6 jackals
  16 kobolds
  9 quokkas
  2 bats
  10 frilled lizards
  8 gnoll zombies (Ossuary)
  3 jackal zombies (Ossuary)
  6 orc zombies (Ossuary)
  13 rats
260 creatures vanquished.

Notes
Turn   | Place    | Note
-------+----------+-------------------------------------------
     0 | D:1      | discipleofbeogh the Draconian Shapeshifter began the quest
                  | for the Orb.
     0 | D:1      | Reached XP level 1. HP: 16/16 MP: 1/1
    87 | D:1      | Found a faded altar of an unknown god.
   206 | D:1      | Reached XP level 2. HP: 23/23 MP: 2/2
   633 | D:2      | Reached XP level 3. HP: 28/28 MP: 3/3
   660 | D:2      | You fall into a shaft and drop 1 floor!
   661 | D:3      | Identified the +6 mace "Bafodeq" {flame, rPois Dex+3}
  1433 | D:2      | Reached XP level 4. HP: 34/35 MP: 4/4
  1606 | D:3      | Noticed Jessica
  1612 | D:3      | Killed Jessica
  1778 | D:3      | Reached skill level 4 in Unarmed Combat
  1822 | D:3      | Reached XP level 5. HP: 41/41 MP: 5/5
  1997 | D:4      | Reached skill level 5 in Unarmed Combat
  2130 | D:4      | Reached XP level 6. HP: 22/48 MP: 6/6
  2464 | D:4      | Found a glowing golden altar of the Shining One.
  2464 | D:4      | Found an iron altar of Okawaru.
  2573 | D:5      | Entered Level 5 of the Dungeon
  2639 | D:5      | Reached skill level 5 in Shapeshifting
  2639 | D:5      | Your scales start taking on a pale cyan-grey colour.
  2639 | D:5      | Reached XP level 7. HP: 41/53 MP: 5/7
  2639 | D:5      | Gained mutation: You are immune to the effects of steam.
                  | [Pale Draconian growth]
  2643 | D:5      | Reached skill level 6 in Unarmed Combat
  2780 | D:5      | Found a sparkling altar of Nemelex Xobeh.
  3206 | D:6      | Found a staircase to the Ecumenical Temple.
  3237 | D:6      | Found a sacrificial altar of Ru.
  3381 | D:6      | Found a glowing drain.
  3409 | Sewer    | Entered a sewer
  3493 | Sewer    | Reached XP level 8. HP: 50/61 MP: 3/8
  3499 | Sewer    | Noticed Pargi
  3515 | Sewer    | Killed Pargi
  3618 | D:6      | Reached skill level 7 in Unarmed Combat
  3728 | D:6      | Noticed a moth of wrath
  3731 | D:6      | Found a bloodstained altar of Trog.
  4143 | D:7      | Found a sand-covered staircase.
  4143 | D:7      | Noticed Jeremiah
  4151 | D:7      | Killed Jeremiah
  4152 | D:7      | Reached skill level 5 in Dodging
  4152 | D:7      | Reached skill level 1 in Stealth
  4152 | D:7      | Reached skill level 8 in Unarmed Combat
  4156 | D:7      | Reached XP level 9. HP: 46/68 MP: 7/9
  4160 | Ossuary  | Entered an ossuary
  4454 | D:7      | Reached skill level 9 in Unarmed Combat
  4532 | Temple   | Entered the Ecumenical Temple
  4553 | Temple   | Became a worshipper of the Wu Jian Council
  4851 | D:7      | Identified the ring "Xemack" {rPois rC+ SInv}
  5014 | D:7      | Noticed Maggie
  5025 | D:7      | Killed Maggie
  5026 | D:7      | Reached skill level 10 in Unarmed Combat
  5033 | D:7      | Found a radiant altar of Vehumet.
  6259 | D:9      | Found a staircase to the Lair.
  6264 | D:9      | Reached XP level 10. HP: 72/77 MP: 8/10
  6279 | D:9      | Reached skill level 11 in Unarmed Combat
  6285 | D:9      | Reached * piety under Wu Jian
  6651 | D:9      | Reached skill level 12 in Unarmed Combat
  7212 | D:10     | Entered Level 10 of the Dungeon
  7220 | D:10     | Noticed Fannar
  7225 | D:10     | Found Unify's Jewellery Shop.
  7237 | D:10     | Killed Fannar
  7487 | D:10     | Reached ** piety under Wu Jian
  7607 | D:10     | Noticed Amaemon
  7607 | D:10     | Noticed an orange demon
  7619 | D:10     | Killed Amaemon
  7620 | D:10     | Reached skill level 13 in Unarmed Combat
  7627 | D:10     | Killed an orange demon
  7631 | D:10     | Reached XP level 11. HP: 56/83 MP: 5/11
  8381 | D:10     | Found a hide-covered altar of Uskayaw.
  8383 | D:10     | Found a shadowy altar of Dithmenos.
  8383 | D:10     | Found a stormy altar of Qazlal.
  8953 | Lair:1   | Entered Level 1 of the Lair of Beasts
  8953 | Lair:1   | Found a gate leading to a gauntlet.
  8963 | Gauntlet | Entered a Gauntlet
  8963 | Gauntlet | Found a transporter.
  8963 | Gauntlet | Found a transporter.
  8971 | Gauntlet | Noticed a death scarab
  8971 | Gauntlet | Found a transporter.
  8982 | Gauntlet | Killed a death scarab
  8982 | Gauntlet | Slain by a spectral death yak

Illustrated notes

Levels and vault maps discovered:
D:1:      zaba_arrival_water, layout_rooms, ebering_ecumenical_altar_webs,
          chequers_serial_rivers_micro_a, hex_intersection
D:2:      minmay_chambers_of_twos, layout_basic, minmay_small_reverse_x
D:3:      layout_rooms, uniq_jessica
D:4:      layout_cave_pools, gammafunk_temple_overflow_statue
D:5:      layout_basic, mainiacjoe_overflow_six_doors_small,
          serial_library_regret_index_branch_corner
D:6:      layout_cave_pools, hangedman_ru_absence, tgw_trog, temple_pool_b,
          gup_sewer_entry_pipe
D:7:      layout_basic, mainiacjoe_overflow_tiny_flanked,
          lightli_ossuary_entry_decrepit_ruins, uniq_jeremiah, uniq_maggie
D:8:      lemuel_ice_spiral_2, layout_basic, nicolae_straight_to_the_point
D:9:      layout_basic, due_lair_maze_entry_diamond
D:10:     nicolae_moon_pools, layout_layer_cave,
          chequers_temple_overflow_statue_of_worship, serial_shops, shop,
          uniq_amaemon, uniq_fannar
Temple:   nicolae_temple_god_jail
Lair:1:   layout_chaotic_city, gauntlet_entry_generic, hangedman_tree_tricks
Gauntlet: gammafunk_gauntlet_branching [nicolae_gauntlet_arena_flowing_pool,
          gammafunk_gauntlet_arena_split_x,
          gammafunk_gauntlet_arena_split_diamond, gammafunk_gauntlet_arena_open,
          gammafunk_gauntlet_arena_crates,
          gammafunk_gauntlet_arena_arrow_garden, gammafunk_gauntlet_arena_teeth,
          gammafunk_gauntlet_arena_spirals, gauntlet_exit_green]

Skill      XL: |  1  2  3  4  5  6  7  8  9 10 |
---------------+-------------------------------+-----
Dodging        | 2 3 5 6 7 |  7.8
Unarmed Combat | 4 5 6 8 10 13 | 13.5
Shapeshifting  | 4 5 6 7 |  7.0
Fighting       | 2 3 |  3.7
Stealth        | 1 2 |  2.2

Action                     |  1- 3 |  4- 6 |  7- 9 | 10-12 || total
---------------------------+-------+-------+-------+-------++-------
  Melee: Unarmed           |   110 |   136 |   411 |   289 ||   946
         Tailslap          |    15 |    16 |    65 |    40 ||   136
         Punch             |     1 |       |       |       ||     1
  Throw: Javelin           |       |     1 |       |       ||     1
Ability: Steam Breath      |       |       |     5 |     3 ||     8
         Lunge             |       |       |     7 |    16 ||    23
         Whirlwind         |       |       |       |    99 ||    99
    Use: Scroll            |       |     2 |    19 |     2 ||    23
 Armour: Skin              |    67 |    56 |   174 |   164 ||   461
  Dodge: Dodged            |    60 |   102 |   356 |   222 ||   740
   Form: Flux              |       |     1 |       |       ||     1

Table legend: (Time is in decaauts)
 A = Elapsed time spent in this place.
 B = Non-inter-level travel time spent in this place.
 C = Inter-level travel time spent in this place.
 D = Time resting spent in this place.
 E = Time spent auto-exploring this place.
 F = Levels seen in this place.
 G = Mean time per level.
                   A        B        C        D        E       F      G
               +--------+--------+--------+--------+--------+-----+--------+
         Total |   8934 |   8546 |    388 |    661 |   5109 |  15 |  595.6 |
       Dungeon |   8403 |   8047 |    356 |    606 |   5107 |  10 |  840.3 |
        Temple |     38 |      6 |     32 |      0 |      0 |   1 |   38.0 |
          Lair |      9 |      9 |      0 |      0 |      0 |   1 |    9.0 |
         Sewer |    212 |    212 |      0 |      9 |      2 |   1 |  212.0 |
       Ossuary |    249 |    249 |      0 |     46 |      0 |   1 |  249.0 |
      Gauntlet |     20 |     20 |      0 |      0 |      0 |   1 |   20.0 |
               +--------+--------+--------+--------+--------+-----+--------+

Top non-repeatable levels by time:
    D:10: 1698 daAuts
     D:9: 963 daAuts
     D:2: 951 daAuts
     D:8: 919 daAuts
     D:7: 882 daAuts
     D:6: 823 daAuts
     D:4: 601 daAuts
     D:1: 598 daAuts
     D:5: 550 daAuts
     D:3: 413 daAuts
 Ossuary: 249 daAuts
   Sewer: 212 daAuts
  Temple: 38 daAuts
Gauntlet: 20 daAuts
  Lair:1: 9 daAuts
